Cogmind - Beta 13 @@@ ROGUE MODE // 2024.06.29 @ 23:55:06 Player: harambe Result: Destroyed by as-40388 with Assembled Heavy Rifle Performance ------------- Evolutions (0) 0 Regions Visited (2) 400 Robots Destroyed (6) 30 Value Destroyed (70) 70 Prototype IDs (0) 0 Alien Tech Used (0) 0 Bonus (0) 0 TOTAL SCORE: 500 Bonus ------- None Cogmind --------- Core Integrity 0/250 Matter 90/300 Energy 63/250 System Corruption 0% Temperature Cool (0) Movement Flying (520) Ox6 Location -10/Mines Parts ------- > --- POWER (1) -------- Ion Engine > --- PROPULSION (2) --- Flight Unit > --- UTILITY (2) ------ Large Storage Unit Signal Interpreter > --- WEAPON (2) ------- Beam Cannon > --- INVENTORY (15) --- Flight Unit Large Storage Unit Large Battery (200) High-capacity Battery (250) ECM Suite Small Laser Small Laser Light Assault Rifle Welding Torch Peak State ------------ > --- POWER ------------ Ion Engine > --- PROPULSION ------- Wheel Compact Wheel > --- UTILITY ---------- Large Storage Unit Signal Interpreter > --- WEAPON ----------- EM Pulse Gun Light Assault Rifle > --- INVENTORY -------- Ion Engine Flight Unit Flight Unit High-capacity Battery ECM Suite Small Laser Small Laser Beam Cannon Light Assault Rifle Welding Torch [Rating: 8] Favorites ----------- Power Ion Engine Engine Ion Engine Propulsion Compact Wheel Treads Light Treads Leg Aluminum Leg Wheel Compact Wheel Flight Unit Flight Unit Utility Large Storage Unit Storage Large Storage Unit Processor Signal Interpreter Weapon EM Pulse Gun Energy Gun EM Pulse Gun Energy Cannon Beam Cannon Ballistic Gun Light Assault Rifle Launcher Grenade Launcher Build | -11 -10 -10 ------- Run | Yrd Mat Min Slots Evolved . | . . . Power . | . . . Propulsion . | . . . Utility . | . . . Weapon . | . . . Parts Attached 28 | 8 16 4 Power 3 | 1 1 1 Engine 3 | 1 1 1 Core . | . . . Reactor . | . . . Propulsion 16 | 4 11 1 Treads 2 | 2 . . Leg 4 | 2 2 . Wheel 5 | . 5 . Hover . | . . . Flight 5 | . 4 1 Utility 3 | 1 2 . Device . | . . . Storage 2 | 1 1 . Processor 1 | . 1 . Hackware . | . . . Protection . | . . . Artifact . | . . . Weapon 6 | 2 2 2 Energy Gun 3 | 2 1 . Energy Cannon 1 | . . 1 Ballistic Gun 1 | . 1 . Ballistic Cannon . | . . . Launcher 1 | . . 1 Special Weapon . | . . . Impact Weapon . | . . . Slashing Weapon . | . . . Piercing Weapon . | . . . Special Melee Weapon . | . . . Unidentified Prototypes . | . . . Parts Lost 6 | . . 6 Power 1 | . . 1 Propulsion 2 | . . 2 Utility . | . . . Weapon 3 | . . 3 Highest Loss Streak 6 | . . 6 To Critical Strikes . | . . . Average Slot Usage (%) 89 | . 88 96 Engine 13 | . 13 14 Treads 2 | . 3 . Leg 3 | . 3 . Wheel 20 | . 19 26 Flight 1 | . 1 . Storage 14 | . 14 14 Processor 5 | . 3 14 Energy Gun 18 | . 19 12 Ballistic Gun 8 | . 8 14 Naked Turns . | . . . Heaviest Build 28 | 13 28 28 Greatest Support 40 | 40 40 26 Greatest Overweight (x) 3 | 1 3 2 Average Overweight (x) . | . . 1 Largest Inventory Capacity 15 | 8 15 15 Average Capacity 12 | 7 13 15 Most Carried 13 | 6 12 13 Average Carried 7 | 3 7 12 Final Capacity 15 | 8 15 15 Final Carried 12 | 6 12 9 Class Distribution -------------------- 100% | Mutant Dominant Class ---------------- Mutant | -10/Materials Mutant | -10/Mines Resources | -11 -10 -10 ----------- Run | Yrd Mat Min Matter Collected 254 | 159 95 . Remotely . | . . . Salvage Created 95 | . 95 . Parts 10 | . 10 . Haulers Intercepted . | . . . Recyclers Shooed . | . . . Parts Field Recycled . | . . . Retrieved Matter . | . . . Parts Self-Destructed . | . . . Prevented . | . . . Kills | -11 -10 -10 ------- Run | Yrd Mat Min Combat Hostiles Destroyed 6 | . 6 . Guns 6 | . 6 . Classes Destroyed 1 | . 1 . Swarmer 6 | . 6 . Best Kill Streak 3 | . 3 . Combat Bots Only 3 | . 3 . Max Kills in Single Turn 1 | . 1 . Gunslinging . | . . . Exploded . | . . . Melee . | . . . Uniques/NPCs Destroyed . | . . . Combat | -11 -10 -10 -------- Run | Yrd Mat Min Hostile Shots Fired 41 | . 30 11 Missed 11 | . 10 1 Damage Taken 688 | . 158 530 Core 261 | . 57 204 Absorbed by Shields . | . . . Regen/Repaired (Parts) 32 | . 32 . Core Remaining (%) 100 | 100 . . Volleys Fired 12 | . 8 4 Largest 2 | . 2 2 Hottest 80 | . 80 60 Shots Fired 23 | . 16 7 Gun 22 | . 16 6 Cannon . | . . . Launcher 1 | . . 1 Special . | . . . Kinetic 4 | . . 4 Thermal 8 | . 8 . Explosive 1 | . . 1 Electromagnetic 10 | . 8 2 Robot Hit Streak 14 | . 12 14 Robot Miss Streak 2 | . 2 1 Penetration Max . | . . . Secondary Targets . | . . . Shots Hit Robots 18 | . 12 6 Core Hits 10 | . 6 4 Critical Kills . | . . . Critical Parts Destroyed . | . . . Critical Strikes . | . . . Melee Attacks . | . . . Impact . | . . . Slashing . | . . . Piercing . | . . . Sneak Attacks . | . . . Combat Hostiles . | . . . Follow-up Attacks . | . . . Damage Inflicted 187 | . 128 59 Guns 168 | . 128 40 Cannons . | . . . Explosions 19 | . . 19 Melee . | . . . Ramming . | . . . Kinetic 27 | . . 27 Thermal 54 | . 54 . Explosive 19 | . . 19 Electromagnetic 87 | . 74 13 Impact . | . . . Slashing . | . . . Piercing . | . . . Highest Corruption . | . . . Average Corruption . | . . . Corruption Purged . | . . . Corruption Blocked . | . . . Overload Shots . | . . . Overflow Damage . | . . . Projectiles . | . . . Explosions . | . . . Melee . | . . . Knockbacks . | . . . Impact . | . . . Kinetic . | . . . Secondary . | . . . Self-Inflicted Damage . | . . . Shots . | . . . Rammed . | . . . Targets Rammed . | . . . Kicked . | . . . Crushed . | . . . Highest Temperature 72 | . 72 20 Average Temperature 26 | . 29 12 Received Heat Transfer . | . . . Siege Activations . | . . . Robots Corrupted . | . . . Combat Hostiles . | . . . Parts Fried . | . . . Impact Corruptions . | . . . Robots Melted . | . . . Combat Hostiles . | . . . Parts Melted 1 | . 1 . Heat Transferred 125 | . 125 . Parts Sabotaged . | . . . Parts Stolen . | . . . Parts Stripped . | . . . Power Chain Reactions . | . . . Alert | -11 -10 -10 ------- Run | Yrd Mat Min Peak Influence 140 | . 140 17 Initial . | . . . Average 57 | . 76 . Maximum Alert Level . | . . . Low Security (%) 100 | 100 100 100 Level 1 . | . . . Level 2 . | . . . Level 3 . | . . . Level 4 . | . . . Level 5 . | . . . High Security . | . . . Max Security . | . . . Squads Dispatched . | . . . Investigation . | . . . Extermination . | . . . Reinforcement . | . . . Assault . | . . . Garrison . | . . . Intercept . | . . . Searches Triggered . | . . . Construction Impeded . | . . . Haulers Reinforced . | . . . Active Scanning Responses . | . . . Cargo Convoy Interrupts . | . . . Stealth | -11 -10 -10 --------- Run | Yrd Mat Min Distress Signals . | . . . Communications Jammed . | . . . Distress Signals . | . . . Times Spotted 10 | . 6 4 Peak Tracking Total 3 | . 3 3 Tactical Retreats . | . . . Traps | -11 -10 -10 ------- Run | Yrd Mat Min Traps Triggered . | . . . Indirectly . | . . . Trap Hack Attempts . | . . . Triggered . | . . . Disarmed . | . . . Reprogrammed . | . . . Reused . | . . . Traps Extracted . | . . . Installed . | . . . Triggered . | . . . Machines | -11 -10 -10 ---------- Run | Yrd Mat Min Machines Disabled 1 | . . 1 Max in Single Turn 1 | . . 1 Machines Repaired . | . . . Machines Dismantled . | . . . Machines Sabotaged . | . . . Overloaded Fab Kills . | . . . Hacking | -11 -10 -10 --------- Run | Yrd Mat Min Machines Accessed 2 | . 2 . Terminals 1 | . 1 . Fabricators . | . . . Repair Stations 1 | . 1 . Recycling Units . | . . . Scanalyzers . | . . . Garrison Access . | . . . Total Hacks 11 | . 11 . Successful 6 | . 6 . Failed 5 | . 5 . Catastrophic . | . . . Database Lockouts . | . . . Manual . | . . . Terminals 4 | . 4 . Fabricators . | . . . Repair Stations 7 | . 7 . Recycling Units . | . . . Scanalyzers . | . . . Garrison Access . | . . . Terminal Hacks 1 | . 1 . Locate Traps 1 | . 1 . Fabricator Hacks . | . . . Repair Station Hacks 5 | . 5 . Scan Component 3 | . 3 . Repair 2 | . 2 . Recycling Unit Hacks . | . . . Scanalyzer . | . . . Garrison Access Hacks . | . . . Unauthorized Hacks . | . . . Terminals . | . . . Fabricators . | . . . Repair Stations . | . . . Recycling Units . | . . . Scanalyzers . | . . . Garrison Access . | . . . Data Cores Recovered . | . . . Used . | . . . Hacking Detections 2 | . 2 . Full Trace Events . | . . . Feedback Events . | . . . Feedback Blocked . | . . . Robot Schematics Acquired . | . . . Robots Built . | . . . Authchips . | . . . Time . | . . . Total Robot Build Rating . | . . . Part Schematics Acquired . | . . . Parts Built . | . . . Authchips . | . . . Time . | . . . Total Part Build Rating . | . . . Parts Repaired 2 | . 2 . Time 62 | . 62 . Parts Recycled . | . . . Recycled Matter . | . . . Retrieved Matter . | . . . Retrieved Components . | . . . Parts Scanalyzed . | . . . Part Schematics Acquired . | . . . Parts Damaged . | . . . Bothacking | -11 -10 -10 ------------ Run | Yrd Mat Min Used RIF Installer . | . . . Robots Hacked . | . . . Non-combat . | . . . Combat . | . . . Robot Hacks Applied . | . . . Relay Couplers Released . | . . . Fabnet Peak Effective % . | . . . Robots Rewired . | . . . Allies Hacked . | . . . Hacks Repelled . | . . . Allies | -11 -10 -10 -------- Run | Yrd Mat Min Total Allies 3 | . . 3 Largest Group 3 | . . 3 Highest-Rated Group 40 | . . 40 Highest-Rated Ally 16 | . . 16 Total Orders 3 | . . 3 ROAM 3 | . . 3 Ally Attacks . | . . . Total Damage . | . . . Kills . | . . . Allies Corrupted . | . . . Allies Melted . | . . . Intel | -11 -10 -10 ------- Run | Yrd Mat Min Robot Analysis Total . | . . . Derelict Logs Recovered . | . . . Drone Launches . | . . . Drone Recoveries . | . . . Exploration | -11 -10 -10 ------------- Run | Yrd Mat Min Turns Passed 674 | 91 503 80 Spaces Moved 428 | 53 313 62 Core 7 | 7 . . Treads 53 | 25 28 . Legs 61 | 21 40 . Wheels 305 | . 243 62 Hover . | . . . Flight 2 | . 2 . Fastest Speed 50 | 50 105 105 Average Speed 114 | 133 113 105 Slowest Speed 277 | 160 277 110 Overloaded Moves . | . . . Propulsion Burnouts . | . . . Robots Hopped . | . . . Cave-ins Triggered . | . . . Exploration Rate (%) 18 | 4 28 22 Regions Visited 2 Branch Regions 1 Pre-discovered Areas . | . . . Known Exits Taken 1 | . 1 . Unknown Exits Taken 1 | 1 . . Scrap Searched . | . . . Spaces Dug . | . . . Terrain Destroyed 2 | . . 2 Melee . | . . . Projectile . | . . . AOE 2 | . . 2 Terrain Rammed . | . . . Walls Destroyed . | . . . Machines Disabled . | . . . Actions | -11 -10 -10 --------- Run | Yrd Mat Min Total 588 | 72 445 71 Wait 76 | . 76 . Move 426 | 52 312 62 Hop . | . . . Pick Up 34 | 12 21 1 Fast Attach . | . . . Attach 14 | 6 4 4 Detach . | . . . Swap 14 | 2 12 . Drop 12 | . 12 . Fire 12 | . 8 4 Melee . | . . . Ram . | . . . Kick . | . . . Crush . | . . . Escape Stasis . | . . . Rewire . | . . . Trap . | . . . Miscellaneous . | . . . Route ------- -11/Scrapyard -10/Materials -10/Mines (discovered 1 exit: [*Mat]) History --------- Turn | Location | Event 6 | -11/Scrapyard | Discovered new exit (range 15) 92 | -11/Scrapyard | Entered Materials 202 | -10/Materials | Discovered new exit (range 16) 301 | -10/Materials | Build established: Mutant 378 | -10/Materials | Repaired Ion Engine 427 | -10/Materials | Repaired Broken Wheel 594 | -10/Materials | Identified exit to Mines 595 | -10/Materials | Entered Mines 601 | -10/Mines | Assisted by bots powering up and referring to "LRC-V3" 653 | -10/Mines | YI-UF0 nonchalantly dropped a Grenade Launcher on the ground 659 | -10/Mines | Assembled infested the area 661 | -10/Mines | Discovered new exit (range 8) 671 | -10/Mines | Core integrity fell below 50% 675 | -10/Mines | Destroyed by as-40388 with Assembled Heavy Rifle Last Messages --------------- 00665_ K-01 Serf collects debris. 00666_ YI-UF0 mumbles something. 00666_ The unstable cave ceiling collapses. 00666_ Laser Drill disabled. 00667_ The unstable cave ceiling collapses. 00668_ YI-UF0: "Whaaaaaaaa!" 00668_ U-05 Engineer lays Concrete. 00668_ Com. Wheel destroyed. 00668_ Grenade Launcher destroyed. 00669_ U-05 Engineer lays Concrete. 00669_ D-53 Grenadier destroyed. 00670_ Ion Engine destroyed. 00671_ YI-UF0 mumbles something. 00671_ U-05 Engineer builds a Wall. 00671_ D-53 Grenadier destroyed. 00673_ The unstable cave ceiling collapses. 00673_ Lgt. Assault Rifle destroyed. 00674_ The unstable cave ceiling collapses. 00674_ Wheel destroyed. 00675_ U-05 Engineer lays Concrete. Map ----- +----------------------------------------------------+ | ?????????????????????????????????????????????????? | | ?????????????????????????????????????????????????? | | ?????????????????????????????????????????????????? | | ?????????????????????????????????????????????????? | | ?????????????????????????????????????????????????? | | ?????????????????????????????????????????????????? | | ?????????????????????????????????????????????????? | | ?????????????????????????????????????????????????? | | ?????????????????????????????????????????????????? | | ?????????????????????????????????????????????????? | | ?????????????????????????????????????????????????? | | ?????????????????????????????????????????????????? | | ????????????????????????###### ##????????????????? | | ????????????????????????# ##???????????????? | | ????????????????????????# """ ###?????????????? | | ????????????????????????# #?????????????? | | ????????????????????????T #?????????????? | | ????????????????????????# < #?????????????? | | #?????????????????????# #?????????????? | | ?????????????????????# #??????????????? | | ??????????????????#### #??????????????? | | ?????????????????## #???????????????? | | ????????????????### ######??????????? | | ?????????####???# #??????????? | | ? ????????## ##??## a #??????????? | | ? ##???#$## ##### g@ ####?????????????? | | ? ##??# r u #????????????????? | | ? #??????# ##????????????????? | | ? #?????## ##?????????????????? | | ? ??????# t ### ###??????????????????? | | ?# ??????## ##?## ####????????????????????? | | ?# #????### ##???####???????????????????????? | | ## ###### ## #???????????????????????????????? | | # ### #???????????????????????????????? | | #?# #???????????????????????????????? | | # ##### ##?# #???????????????????????????????? | | # #???# ##??# #???????????????????????????????? | | # #???#####???# #???????????????????????????????? | | # #???????????? ????????????????????????????????? | | # #???????????? ????????????????????????????????? | | # ????????????#????????????????????????????????? | | ?????????????????????????????????????????????? | | ?????????????????????????????????????????????? | | ?????????????????????????????????????????????? | | #####????????????????????????????????????????????? | | ?????????????????????????????????????????????????? | | ?????????????????????????????????????????????????? | | ?????????????????????????????????????????????????? | | ?????????????????????????????????????????????????? | | ?????????????????????????????????????????????????? | +----------------------------------------------------+ Best States ------------- Heat Dissipation 25 Energy Generation 10 Energy Capacity 250 Matter Stores 219 Matter Capacity 300 Sight Range 16 Terrain Scan Density 10 Evasion (%) 55 Recoil Reduction 2 Item Schematics ----------------- None Robot Schematics ------------------ None Fabricated ------------ Nothing Alien Tech Used ----------------- None Achievements -------------- None Challenges ------------ None Game ------ Seed SwarmPointyMantle Manual? 0 Play Time 00:20:27 Cumulative 7.9 hours Start 2024.06.29 @ 23:36:09 End 2024.06.29 @ 23:55:06 Sessions 1 Manual Loads 0 Difficulty Rogue Special Mode None Game No. 6 Rogue 6 Adventurer 0 Explorer 0 Win Type - Total 0 Types 0/0/0/0/0/0/0/0/0 Lore% 2 Gallery% 11 Achievement% 7 Wizard Run 0 Options --------- Layout 1 ASCII 0 Keyboard 0 Movement Mouse Keybinds 0 Fullscreen 1 Font 24/X11 Map View 50x35 Zoom Use 0% Tactical HUD 1 Map Filters NONE Filters NONE Steam 1 RUN: ba0a4c30-ae1b-4c68-ac14-bd71ca2a070d